Flames vs Stars
Created - April 27, 2020 at 19:02
Goals
|
| Flames |
0 |
1 |
3 |
4 |
| Stars |
0 |
2 |
0 |
2 |
|
Shots
|
| Flames |
8 |
8 |
12 |
28 |
| Stars |
7 |
9 |
8 |
24 |
|
1st period
No Goal
Penalties :
John Tavares (Dal) for Holding Stick (Minor) at 7:01, Erik Johnson (Cal) for High sticking (Minor) at 12:33, John Tavares (Dal) for Hooking (Minor) at 15:37, Eric Staal (Cal) for Interference (Minor) at 15:49, Derek Meech (Cal) for Tripping (Minor) at 19:14
2nd period
1. Stars , Jussi Jokinen 33 (Brian Lee 34, Ian White 36) at 1:08 (PP)
2. Flames , Eric Staal 32 (Alexander Semin 34, Alexander Radulov 29) at 1:48
3. Stars , Ted Purcell 12 (Evgeny Grachev 10, Cam Atkinson 8) at 16:24
Penalties :
Guillaume Latendresse (Dal) for Delaying the game (Minor) at 4:22, Alexander Semin (Cal) for Goalie Interference (Minor) at 16:27, Guillaume Latendresse (Dal) for Holding Stick (Minor) at 17:10
3rd period
4. Flames , Eric Staal 33 (Alexander Radulov 30, Alexander Semin 35) at 10:11
5. Flames , Tim Ramholt 2 (Brad Marchand 33, David Backes 37) at 13:54
6. Flames , Steve Eminger 2 (Derek Meech 23, Jonas Gustavsson) at 19:10 (Empty Net)
Penalties :
Jussi Jokinen (Dal) for Tripping (Minor) at 1:57, Michael Grabner (Dal) for Cross-checking (Minor) at 10:18
Goalie Stats
Jonas Gustavsson (Cal), 22 saves from 24 shots - (0.917), W, 26-17-6, 60:00 minutes
Cory Schneider (Dal), 24 saves from 27 shots - (0.889), L, 39-19-4, 59:42 minutes
Players Stats for Flames
Player Name G A P +/- PIM S H SB GA TA FO MP PP MP PK MP
------------------------------------------------------------------------------------
Alexander Radulov 0 2 2 1 0 1 5 1 2 0 1/2 18:04 4:40 0:00
Alexander Semin 0 2 2 2 2 2 2 0 0 0 0/0 19:28 5:01 0:00
Brad Marchand 0 1 1 1 0 1 3 1 0 0 1/2 19:44 3:38 1:59
Brendan Mikkelson 0 0 0 1 0 0 2 0 1 0 0/0 13:07 0:00 0:58
Colin Wilson 0 0 0 0 0 1 4 0 0 1 5/12 11:56 0:00 1:57
David Backes 0 1 1 2 0 2 2 1 1 0 0/0 18:57 3:50 2:49
David Ullstrom 0 0 0 0 0 1 1 0 0 0 0/0 9:03 0:12 0:00
Derek Meech 0 1 1 1 2 0 1 2 0 0 0/0 21:38 4:14 1:48
Eric Staal 2 0 2 2 2 6 1 0 0 1 13/28 19:08 5:00 0:00
Erik Johnson 0 0 0 1 2 1 0 0 0 2 0/0 25:57 4:37 1:57
Kyle Palmieri 0 0 0 0 0 0 1 0 0 1 0/0 7:22 0:00 0:00
Mikhail Grabovski 0 0 0 0 0 3 0 0 1 0 1/4 11:23 0:00 2:51
Patrik Berglund 0 0 0 1 0 0 1 0 0 0 5/9 16:10 3:50 0:00
Peter Prucha 0 0 0 0 0 2 0 1 0 0 0/0 9:54 0:00 0:00
Sami Vatanen 0 0 0 1 0 2 2 1 1 3 0/0 21:47 4:37 0:33
Steve Eminger 1 0 1 1 0 2 0 1 3 0 0/0 18:22 0:00 3:42
Steve Regier 0 0 0 0 0 2 2 0 0 1 0/0 10:53 0:21 0:00
Tim Ramholt 1 0 1 1 0 2 1 1 0 2 0/0 19:12 4:14 0:38
Players Stats for Stars
Player Name G A P +/- PIM S H SB GA TA FO MP PP MP PK MP
------------------------------------------------------------------------------------
Alex Chiasson 0 0 0 -1 0 1 2 0 0 1 0/0 13:08 1:43 0:00
Alexander Frolov 0 0 0 -1 0 2 1 0 0 1 0/3 13:02 0:06 1:50
Andrej Sustr 0 0 0 0 0 0 1 1 0 0 0/0 11:22 0:00 0:00
Antoine Vermette 0 0 0 -1 0 0 2 0 0 0 3/8 17:48 1:52 3:24
B.J. Crombeen 0 0 0 0 0 1 0 0 0 0 0/1 8:46 0:03 0:00
Boris Valabik 0 0 0 -3 0 0 0 0 0 0 0/0 20:18 1:03 3:35
Brian Lee 0 1 1 0 0 3 2 2 2 2 0/0 28:20 3:45 5:16
Cam Atkinson 0 1 1 1 0 1 1 0 1 0 2/2 8:14 0:00 0:00
Cory Emmerton 0 0 0 -1 0 0 5 1 1 0 4/5 13:27 0:00 3:17
Evgeny Grachev 0 1 1 1 0 0 2 0 0 0 1/3 8:37 0:00 0:23
Guillaume Latendresse 0 0 0 -2 4 3 4 0 1 1 3/4 21:18 2:49 3:22
Ian White 0 1 1 0 0 1 1 1 1 2 0/0 28:20 3:45 5:16
John Tavares 0 0 0 -2 4 2 2 0 2 1 16/28 21:34 3:02 3:39
Johnny Oduya 0 0 0 0 0 0 1 0 0 0 0/0 11:22 0:00 0:00
Jussi Jokinen 1 0 1 -1 2 4 3 0 1 1 0/0 15:39 1:52 1:47
Lasse Kukkonen 0 0 0 -3 0 0 1 0 1 0 0/0 20:18 1:03 3:35
Michael Grabner 0 0 0 -2 2 0 3 0 1 0 2/3 16:48 2:50 0:00
Ted Purcell 1 0 1 0 0 6 1 0 0 0 0/0 9:39 0:06 0:00
3 Stars
1 - Eric Staal (Cal)
2 - Alexander Radulov (Cal)
3 - Tim Ramholt (Cal)
Power Play
Flames - 0 on 6 Attempt(s) - 0.00%
Stars - 1 on 4 Attempt(s) - 25.00%
Penalty Kill
Flames - 3 on 4 Attempt(s) - 75.00%
- Score 0 goal in Penalty Kill
Stars - 6 on 6 Attempt(s) - 100.00%
- Score 0 goal in Penalty Kill
Team Stat
Flames - Hits : 28 - Faceoff Wins : 26 - Blocked Shots : 9 - Penalty Minutes : 8
Stars - Hits : 32 - Faceoff Wins : 31 - Blocked Shots : 5 - Penalty Minutes : 12
Official
Referees : Unknown
Linesman : Unknown
Game Notes
Steve Eminger has scored in a empty net!
Finance
Level 1 -- Attendance: 6000 (100.00%) -- Ticket Income $630,000
Level 2 -- Attendance: 5000 (100.00%) -- Ticket Income $330,000
Level 3 -- Attendance: 2000 (100.00%) -- Ticket Income $76,000
Level 4 -- Attendance: 3332 (83.30%) -- Ticket Income $99,960
Luxury Box -- Attendance: 1000 (100.00%) -- Ticket Income $185,000
Game was played at the American Airlines Center.
Total Attendance: 17332 (96.29%)
Total Ticket Income: $1,320,960
Other Income: $198,144
Total Income: $1,519,104
Flames
5 vs 5 Forward
Center Left Wing Right Wing Time % Phy DF OF
1 Eric Staal Alexander Semin Alexander Radulov 40 1 2 2
2 Patrik Berglund Brad Marchand David Backes 33 2 2 1
3 Colin Wilson Steve Regier Peter Prucha 19 2 2 1
4 Mikhail Grabovski David Ullstrom Kyle Palmieri 8 2 2 1
5 vs 5 Defense
Defense Defense Time % Phy DF OF
1 Erik Johnson Sami Vatanen 38 1 2 2
2 Derek Meech Steve Eminger 29 2 2 1
3 Brendan Mikkelson Tim Ramholt 23 2 2 1
4 Erik Johnson Steve Eminger 10 2 2 1
PowerPlay Forward
Center Left Wing Right Wing Time % Phy DF OF
1 Eric Staal Alexander Semin Alexander Radulov 60 1 0 4
2 Patrik Berglund Brad Marchand David Backes 40 1 0 4
PowerPlay Defense
Defense Defense Time % Phy DF OF
1 Erik Johnson Sami Vatanen 60 1 1 3
2 Derek Meech Tim Ramholt 40 1 1 3
Penalty Kill 4 Players Forward
Center Wing Time % Phy DF OF
1 Colin Wilson Brad Marchand 50 1 4 0
2 Mikhail Grabovski David Backes 50 1 4 0
Penalty Kill 4 Players Defense
Defense Defense Time % Phy DF OF
1 Derek Meech Steve Eminger 58 1 4 0
2 Erik Johnson Brendan Mikkelson 42 1 4 0
Penalty Kill - 3 Players Forward
Forward Time % Phy DF OF
1 Eric Staal 50 1 4 0
2 Brad Marchand 50 1 4 0
Penalty Kill - 3 Players Defense
Defense Defense Time % Phy DF OF
1 Derek Meech Steve Eminger 58 1 4 0
2 Erik Johnson Brendan Mikkelson 42 1 4 0
4 vs 4 Forward
Center Wing Time % Phy DF OF
1 Eric Staal Alexander Semin 60 2 2 1
2 Colin Wilson Brad Marchand 40 2 2 1
4 vs 4 Defense
Defense Defense Time % Phy DF OF
1 Erik Johnson Sami Vatanen 60 2 2 1
2 Derek Meech Tim Ramholt 40 2 2 1
Last Minutes Offensive
Center Left Wing Right Wing Defense Defense
Eric Staal Alexander Semin Alexander Radulov Erik Johnson Sami Vatanen
Last Minutes Defensive
Center Left Wing Right Wing Defense Defense
Eric Staal Alexander Semin David Backes Erik Johnson Sami Vatanen
Goaltenders
Starting : Jonas Gustavsson
Backup : Pekka Rinne
Extra Forwards
Normal : Brad Marchand, Alexander Semin, David Ullstrom - PP : David Ullstrom, Colin Wilson - PK : Brad Marchand
Extra Defensemen
Normal : Sami Vatanen, Steve Eminger, Tim Ramholt - PP : Sami Vatanen - PK : Erik Johnson, Tim Ramholt
Penalty Shots
Eric Staal, Alexander Semin, David Backes, Brad Marchand, Patrik Berglund
Scratches
None
Stars
5 vs 5 Forward
Center Left Wing Right Wing Time % Phy DF OF
1 John Tavares Guillaume Latendresse Michael Grabner 40 1 2 2
2 Antoine Vermette Jussi Jokinen Alex Chiasson 30 1 2 2
3 Cory Emmerton Alexander Frolov B.J. Crombeen 20 1 2 2
4 Evgeny Grachev Ted Purcell Cam Atkinson 10 1 2 2
5 vs 5 Defense
Defense Defense Time % Phy DF OF
1 Ian White Brian Lee 40 1 2 2
2 Boris Valabik Lasse Kukkonen 30 1 2 2
3 Johnny Oduya Andrej Sustr 20 1 2 2
4 Ian White Brian Lee 10 1 2 2
PowerPlay Forward
Center Left Wing Right Wing Time % Phy DF OF
1 John Tavares Guillaume Latendresse Michael Grabner 60 0 2 3
2 Antoine Vermette Jussi Jokinen Alex Chiasson 40 0 2 3
PowerPlay Defense
Defense Defense Time % Phy DF OF
1 Ian White Brian Lee 60 0 2 3
2 Boris Valabik Lasse Kukkonen 40 0 2 3
Penalty Kill 4 Players Forward
Center Wing Time % Phy DF OF
1 John Tavares Guillaume Latendresse 60 0 3 2
2 Jussi Jokinen Antoine Vermette 40 0 3 2
Penalty Kill 4 Players Defense
Defense Defense Time % Phy DF OF
1 Ian White Brian Lee 60 0 3 2
2 Boris Valabik Lasse Kukkonen 40 0 3 2
Penalty Kill - 3 Players Forward
Forward Time % Phy DF OF
1 John Tavares 60 0 3 2
2 Guillaume Latendresse 40 0 3 2
Penalty Kill - 3 Players Defense
Defense Defense Time % Phy DF OF
1 Ian White Brian Lee 60 0 3 2
2 Boris Valabik Lasse Kukkonen 40 0 3 2
4 vs 4 Forward
Center Wing Time % Phy DF OF
1 John Tavares Guillaume Latendresse 60 1 2 2
2 Jussi Jokinen Antoine Vermette 40 1 2 2
4 vs 4 Defense
Defense Defense Time % Phy DF OF
1 Ian White Brian Lee 60 1 2 2
2 Boris Valabik Lasse Kukkonen 40 1 2 2
Last Minutes Offensive
Center Left Wing Right Wing Defense Defense
John Tavares Guillaume Latendresse Michael Grabner Ian White Brian Lee
Last Minutes Defensive
Center Left Wing Right Wing Defense Defense
John Tavares Guillaume Latendresse Michael Grabner Ian White Brian Lee
Goaltenders
Starting : Cory Schneider
Backup : Brian Elliott
Extra Forwards
Normal : Alexander Frolov, Ted Purcell, Cory Emmerton - PP : Alexander Frolov, Ted Purcell - PK : Cory Emmerton
Extra Defensemen
Normal : Johnny Oduya, Andrej Sustr, Boris Valabik - PP : Johnny Oduya - PK : Andrej Sustr, Boris Valabik
Penalty Shots
John Tavares, Guillaume Latendresse, Jussi Jokinen, Antoine Vermette, Alexander Frolov
Scratches
Lee Stempniak (Healthy), Niklas Hjalmarsson (Healthy), Brian Flynn (Healthy)
% Time on Ice - Flames
Lines # - Real PCT - Wanted PCT - Time Play
Normal Forward
1 - 31% - 40% - 13:29
2 - 29% - 33% - 12:25
3 - 23% - 19% - 9:54
4 - 17% - 8% - 7:22
Normal Defense
1 - 35% - 38% - 15:03
2 - 34% - 29% - 14:44
3 - 25% - 23% - 10:59
4 - 6% - 10% - 2:24
PP Forward
1 - 57% - 60% - 5:01
2 - 43% - 40% - 3:50
PP Defense
1 - 52% - 60% - 4:37
2 - 48% - 40% - 4:14
PK Forward
1 - 41% - 50% - 1:59
2 - 59% - 50% - 2:49
PK Defense
1 - 80% - 58% - 3:50
2 - 20% - 42% - 0:58
PK3 Forward
1 - 0% - 50%
2 - 0% - 50%
PK3 Defense
1 - 0% - 58%
2 - 0% - 42%
44 Forward
1 - 100% - 60% - 3:03
2 - 0% - 40% - 0:00
44 Defense
1 - 43% - 60% - 1:19
2 - 57% - 40% - 1:44
Last Minute Offensive - 0:00
Last Minute Defensive - 0:08
Total
Forward - 60:00
Defense - 60:00
|
% Time on Ice - Stars
Lines # - Real PCT - Wanted PCT - Time Play
Normal Forward
1 - 33% - 40% - 14:26
2 - 27% - 30% - 11:44
3 - 20% - 20% - 8:43
4 - 19% - 10% - 8:14
Normal Defense
1 - 39% - 40% - 16:43
2 - 33% - 30% - 14:13
3 - 26% - 20% - 11:22
4 - 2% - 10% - 0:49
PP Forward
1 - 64% - 60% - 3:05
2 - 36% - 40% - 1:43
PP Defense
1 - 78% - 60% - 3:45
2 - 22% - 40% - 1:03
PK Forward
1 - 76% - 60% - 6:43
2 - 24% - 40% - 2:08
PK Defense
1 - 60% - 60% - 5:16
2 - 40% - 40% - 3:35
PK3 Forward
1 - 0% - 60%
2 - 0% - 40%
PK3 Defense
1 - 0% - 60%
2 - 0% - 40%
44 Forward
1 - 100% - 60% - 3:03
2 - 0% - 40% - 0:00
44 Defense
1 - 58% - 60% - 1:47
2 - 42% - 40% - 1:16
Last Minute Offensive - 0:11
Last Minute Defensive - 0:00
Total
Forward - 60:00
Defense - 60:00
|
Play-by-Play
1st period
0:01 of 1st period - Eric Staal wins face-off versus John Tavares in neutral zone.
0:04 of 1st period - Guillaume Latendresse is hit by Alexander Semin and loses puck.
0:51 of 1st period - Off-side.
0:52 of 1st period - Cam Atkinson wins face-off versus Colin Wilson in neutral zone.
2:10 of 1st period - Off-side.
2:11 of 1st period - Cory Emmerton wins face-off versus Colin Wilson in neutral zone.
2:24 of 1st period - Snap shot by Steve Regier.
2:24 of 1st period - Stopped by Cory Schneider with a rebound.
2:26 of 1st period - Snap shot by Erik Johnson.
2:26 of 1st period - Shot Misses the Net.
4:05 of 1st period - Wrist shot by Kyle Palmieri.
4:05 of 1st period - Deflect By Mikhail Grabovski.
4:05 of 1st period - Shot Misses the Net.
4:05 of 1st period - Puck is out of play.
4:06 of 1st period - Patrik Berglund wins face-off versus John Tavares in Stars zone.
4:19 of 1st period - Snap shot by Guillaume Latendresse.
4:19 of 1st period - Stopped by Jonas Gustavsson without a rebound.
4:20 of 1st period - Eric Staal wins face-off versus John Tavares in Flames zone.
4:47 of 1st period - Derek Meech is hit by Alexander Frolov and loses puck.
5:12 of 1st period - Peter Prucha is hit by Cam Atkinson and loses puck.
5:17 of 1st period - Snap shot by Ted Purcell.
5:17 of 1st period - Stopped by Jonas Gustavsson with a rebound.
5:19 of 1st period - Slapshot by Ian White.
5:19 of 1st period - Stopped by Jonas Gustavsson without a rebound.
5:20 of 1st period - Eric Staal wins face-off versus John Tavares in Flames zone.
5:20 of 1st period - Eric Staal is hit by Guillaume Latendresse.
5:25 of 1st period - Icing by Alexander Radulov.
5:26 of 1st period - John Tavares wins face-off versus Eric Staal in Flames zone.
5:33 of 1st period - Snap shot by Michael Grabner.
5:33 of 1st period - Deflect By Guillaume Latendresse.
5:33 of 1st period - Stopped by Jonas Gustavsson with a rebound.
5:53 of 1st period - Alexander Frolov is hit by Patrik Berglund and loses puck.
6:04 of 1st period - Slapshot by Brad Marchand.
6:04 of 1st period - Shot Misses the Net.
6:19 of 1st period - Steve Eminger is hit by Antoine Vermette and loses puck.
6:24 of 1st period - Snap shot by Colin Wilson.
6:24 of 1st period - Stopped by Cory Schneider with a rebound.
6:58 of 1st period - Wrist shot by Mikhail Grabovski.
6:58 of 1st period - Stopped by Cory Schneider without a rebound.
6:59 of 1st period - John Tavares wins face-off versus Patrik Berglund in Stars zone.
7:01 of 1st period - Minor Penalty to John Tavares for Holding Stick.
7:02 of 1st period - Cory Emmerton wins face-off versus Eric Staal in Stars zone.
7:28 of 1st period - Guillaume Latendresse is hit by Brad Marchand.
7:42 of 1st period - Antoine Vermette is hit by Derek Meech and loses puck.
7:53 of 1st period - Lasse Kukkonen is hit by Eric Staal and loses puck.
8:16 of 1st period - Ian White is hit by David Backes and loses puck.
9:01 of 1st period - Penalty to John Tavares is over, John Tavares is back on ice.
9:54 of 1st period - Steve Eminger is hit by Cory Emmerton and loses puck.
10:05 of 1st period - Mikhail Grabovski is hit by Ian White.
10:09 of 1st period - Erik Johnson is hit by Alex Chiasson and loses puck.
10:19 of 1st period - Snap shot by Mikhail Grabovski.
10:19 of 1st period - Stopped by Cory Schneider with a rebound.
10:21 of 1st period - Wrist shot by Sami Vatanen.
10:21 of 1st period - Stopped by Cory Schneider without a rebound.
10:22 of 1st period - Eric Staal wins face-off versus Evgeny Grachev in Stars zone.
10:23 of 1st period - Slapshot by Alexander Radulov.
10:23 of 1st period - Stopped by Cory Schneider with a rebound.
11:27 of 1st period - Slapshot by Cam Atkinson.
11:27 of 1st period - Stopped by Jonas Gustavsson without a rebound.
11:28 of 1st period - Eric Staal wins face-off versus Michael Grabner in Flames zone.
11:28 of 1st period - Eric Staal is hit by Guillaume Latendresse.
12:26 of 1st period - Snap shot by Cory Emmerton.
12:26 of 1st period - Deflect By B.J. Crombeen.
12:26 of 1st period - Shot Blocked by Tim Ramholt.
12:26 of 1st period - Puck is out of play.
12:27 of 1st period - John Tavares wins face-off versus Eric Staal in Flames zone.
12:28 of 1st period - Slapshot by Guillaume Latendresse.
12:28 of 1st period - Deflect By John Tavares.
12:28 of 1st period - Stopped by Jonas Gustavsson without a rebound.
12:29 of 1st period - Guillaume Latendresse wins face-off versus Eric Staal in Flames zone.
12:33 of 1st period - Minor Penalty to Erik Johnson for High sticking.
12:34 of 1st period - Colin Wilson wins face-off versus Guillaume Latendresse in Flames zone.
13:12 of 1st period - Brad Marchand is hit by Alex Chiasson and loses puck.
13:47 of 1st period - John Tavares is hit by Brendan Mikkelson.
14:33 of 1st period - Penalty to Erik Johnson is over, Erik Johnson is back on ice.
14:41 of 1st period - Alexander Frolov is hit by Alexander Semin and loses puck.
15:37 of 1st period - Minor Penalty to John Tavares for Hooking.
15:38 of 1st period - Eric Staal wins face-off versus Cory Emmerton in Stars zone.
15:49 of 1st period - Minor Penalty to Eric Staal for Interference.
15:50 of 1st period - Brad Marchand wins face-off versus Alexander Frolov in Flames zone.
16:36 of 1st period - Alexander Semin is hit by Guillaume Latendresse and loses puck.
16:47 of 1st period - Brad Marchand is hit by Cory Emmerton and loses puck.
17:00 of 1st period - Wrist shot by Steve Regier.
17:00 of 1st period - Stopped by Cory Schneider with a rebound.
17:37 of 1st period - Penalty to John Tavares is over, John Tavares is back on ice.
17:49 of 1st period - Penalty to Eric Staal is over, Eric Staal is back on ice.
18:39 of 1st period - Slapshot by Steve Eminger.
18:39 of 1st period - Stopped by Cory Schneider without a rebound.
18:40 of 1st period - Guillaume Latendresse wins face-off versus Mikhail Grabovski in Stars zone.
18:42 of 1st period - Icing by John Tavares.
18:43 of 1st period - Michael Grabner wins face-off versus Mikhail Grabovski in Stars zone.
18:43 of 1st period - Michael Grabner is hit by David Ullstrom.
18:53 of 1st period - Wrist shot by John Tavares.
18:53 of 1st period - Stopped by Jonas Gustavsson with a rebound.
19:05 of 1st period - Wrist shot by Guillaume Latendresse.
19:05 of 1st period - Shot Misses the Net.
19:07 of 1st period - Slapshot by Boris Valabik.
19:07 of 1st period - Shot Misses the Net.
19:14 of 1st period - Minor Penalty to Derek Meech for Tripping.
19:15 of 1st period - Colin Wilson wins face-off versus Antoine Vermette in Flames zone.
19:27 of 1st period - Brad Marchand is hit by Jussi Jokinen and loses puck.
Goals for this period are 0 for Flames vs 0 for Stars.
Shots for this period are 8 for Flames vs 7 for Stars.
2nd period
0:01 of 2nd period - John Tavares wins face-off versus Colin Wilson in neutral zone.
0:06 of 2nd period - Slapshot by Brian Lee.
0:06 of 2nd period - Shot Blocked by Steve Eminger.
0:17 of 2nd period - Off-side.
0:18 of 2nd period - Mikhail Grabovski wins face-off versus Antoine Vermette in neutral zone.
0:29 of 2nd period - Mikhail Grabovski is hit by Brian Lee and loses puck.
1:08 of 2nd period - Slapshot by Jussi Jokinen.
1:08 of 2nd period - Goal by Jussi Jokinen - Flames : 0 - Stars : 1.
1:09 of 2nd period - Alexander Radulov wins face-off versus John Tavares in neutral zone.
1:30 of 2nd period - Erik Johnson is hit by John Tavares and loses puck.
1:48 of 2nd period - Slapshot by Eric Staal.
1:48 of 2nd period - Goal by Eric Staal - Flames : 1 - Stars : 1.
1:49 of 2nd period - Antoine Vermette wins face-off versus Patrik Berglund in neutral zone.
2:52 of 2nd period - Alex Chiasson is hit by David Backes and loses puck.
2:57 of 2nd period - Snap shot by David Backes.
2:57 of 2nd period - Deflect By Patrik Berglund.
2:57 of 2nd period - Shot Blocked by Ian White.
2:57 of 2nd period - Puck is out of play.
2:58 of 2nd period - John Tavares wins face-off versus Eric Staal in Stars zone.
2:58 of 2nd period - John Tavares is hit by Alexander Radulov.
3:35 of 2nd period - Colin Wilson is hit by Cory Emmerton and loses puck.
3:45 of 2nd period - Icing by Steve Eminger.
3:46 of 2nd period - Colin Wilson wins face-off versus Evgeny Grachev in Flames zone.
3:53 of 2nd period - Wrist shot by Alexander Semin.
3:53 of 2nd period - Shot Misses the Net.
3:59 of 2nd period - Snap shot by Eric Staal.
3:59 of 2nd period - Deflect By Alexander Radulov.
3:59 of 2nd period - Shot Blocked by Andrej Sustr.
3:59 of 2nd period - Puck is out of play.
4:00 of 2nd period - John Tavares wins face-off versus Eric Staal in Stars zone.
4:05 of 2nd period - Slapshot by Brian Lee.
4:05 of 2nd period - Stopped by Jonas Gustavsson with a rebound.
4:11 of 2nd period - Brian Lee is hit by Sami Vatanen.
4:22 of 2nd period - Minor Penalty to Guillaume Latendresse for Delaying the game.
4:23 of 2nd period - Eric Staal wins face-off versus John Tavares in Stars zone.
4:26 of 2nd period - Wrist shot by Alexander Semin.
4:26 of 2nd period - Stopped by Cory Schneider without a rebound.
4:27 of 2nd period - Eric Staal wins face-off versus John Tavares in Stars zone.
4:32 of 2nd period - Snap shot by Eric Staal.
4:32 of 2nd period - Stopped by Cory Schneider without a rebound.
4:33 of 2nd period - Cory Emmerton wins face-off versus Eric Staal in Stars zone.
4:44 of 2nd period - Ian White is hit by Alexander Radulov and loses puck.
6:22 of 2nd period - Penalty to Guillaume Latendresse is over, Guillaume Latendresse is back on ice.
6:30 of 2nd period - Wrist shot by David Ullstrom.
6:30 of 2nd period - Stopped by Cory Schneider with a rebound.
6:40 of 2nd period - Wrist shot by Mikhail Grabovski.
6:40 of 2nd period - Stopped by Cory Schneider without a rebound.
6:41 of 2nd period - Evgeny Grachev wins face-off versus Colin Wilson in Stars zone.
6:54 of 2nd period - Ted Purcell is hit by Steve Regier and loses puck.
7:36 of 2nd period - Lasse Kukkonen is hit by Alexander Radulov.
7:54 of 2nd period - Lasse Kukkonen is hit by Steve Regier and loses puck.
8:50 of 2nd period - Snap shot by Antoine Vermette.
8:50 of 2nd period - Shot Misses the Net.
8:52 of 2nd period - Slapshot by Antoine Vermette.
8:52 of 2nd period - Shot Misses the Net.
9:04 of 2nd period - Slapshot by Ted Purcell.
9:04 of 2nd period - Stopped by Jonas Gustavsson with a rebound.
9:06 of 2nd period - Snap shot by Evgeny Grachev.
9:06 of 2nd period - Shot Misses the Net.
9:08 of 2nd period - Snap shot by Ted Purcell.
9:08 of 2nd period - Deflect By Evgeny Grachev.
9:08 of 2nd period - Shot Blocked by Derek Meech.
9:08 of 2nd period - Puck is out of play.
9:09 of 2nd period - John Tavares wins face-off versus Brad Marchand in Flames zone.
9:14 of 2nd period - Wrist shot by Michael Grabner.
9:14 of 2nd period - Shot Misses the Net.
9:20 of 2nd period - Snap shot by David Backes.
9:20 of 2nd period - Stopped by Cory Schneider with a rebound.
9:38 of 2nd period - Snap shot by Erik Johnson.
9:38 of 2nd period - Deflect By B.J. Crombeen.
9:38 of 2nd period - Stopped by Cory Schneider with a rebound.
10:31 of 2nd period - Cam Atkinson is hit by Alexander Radulov.
10:48 of 2nd period - Brad Marchand is hit by Michael Grabner and loses puck.
11:47 of 2nd period - Eric Staal is hit by Michael Grabner and loses puck.
12:08 of 2nd period - Steve Eminger is hit by Evgeny Grachev and loses puck.
12:15 of 2nd period - Snap shot by Ted Purcell.
12:15 of 2nd period - Stopped by Jonas Gustavsson with a rebound.
12:17 of 2nd period - Slapshot by Ted Purcell.
12:17 of 2nd period - Shot Blocked by David Backes.
12:27 of 2nd period - Steve Eminger is hit by Antoine Vermette and loses puck.
12:42 of 2nd period - Steve Regier is hit by Brian Lee and loses puck.
13:43 of 2nd period - Sami Vatanen is hit by John Tavares and loses puck.
14:00 of 2nd period - Snap shot by Jussi Jokinen.
14:00 of 2nd period - Stopped by Jonas Gustavsson without a rebound.
14:01 of 2nd period - Antoine Vermette wins face-off versus Patrik Berglund in Flames zone.
14:14 of 2nd period - Alex Chiasson is hit by Brendan Mikkelson and loses puck.
14:26 of 2nd period - Icing by Patrik Berglund.
14:27 of 2nd period - Guillaume Latendresse wins face-off versus Patrik Berglund in Flames zone.
15:21 of 2nd period - Snap shot by Steve Regier.
15:21 of 2nd period - Shot Misses the Net.
15:23 of 2nd period - Slapshot by Brendan Mikkelson.
15:23 of 2nd period - Shot Misses the Net.
15:25 of 2nd period - Snap shot by Colin Wilson.
15:25 of 2nd period - Shot Blocked by Cory Emmerton.
15:27 of 2nd period - Snap shot by Peter Prucha.
15:27 of 2nd period - Stopped by Cory Schneider without a rebound.
15:28 of 2nd period - Michael Grabner wins face-off versus Eric Staal in Stars zone.
16:06 of 2nd period - Wrist shot by Antoine Vermette.
16:06 of 2nd period - Shot Misses the Net.
16:18 of 2nd period - Snap shot by Evgeny Grachev.
16:18 of 2nd period - Deflect By Ted Purcell.
16:18 of 2nd period - Stopped by Jonas Gustavsson without a rebound.
16:19 of 2nd period - Cam Atkinson wins face-off versus Eric Staal in Flames zone.
16:24 of 2nd period - Wrist shot by Ted Purcell.
16:24 of 2nd period - Goal by Ted Purcell - Flames : 1 - Stars : 2.
16:25 of 2nd period - Eric Staal wins face-off versus John Tavares in neutral zone.
16:27 of 2nd period - Minor Penalty to Alexander Semin for Goalie Interference.
16:28 of 2nd period - Colin Wilson wins face-off versus John Tavares in Flames zone.
16:36 of 2nd period - Slapshot by Michael Grabner.
16:36 of 2nd period - Shot Blocked by Derek Meech.
16:38 of 2nd period - Slapshot by Brian Lee.
16:38 of 2nd period - Stopped by Jonas Gustavsson without a rebound.
16:39 of 2nd period - John Tavares wins face-off versus Mikhail Grabovski in Flames zone.
16:46 of 2nd period - Slapshot by Brian Lee.
16:46 of 2nd period - Stopped by Jonas Gustavsson without a rebound.
16:47 of 2nd period - John Tavares wins face-off versus Colin Wilson in Flames zone.
17:02 of 2nd period - Steve Eminger is hit by Michael Grabner and loses puck.
17:10 of 2nd period - Minor Penalty to Guillaume Latendresse for Holding Stick.
17:11 of 2nd period - John Tavares wins face-off versus Eric Staal in Stars zone.
17:11 of 2nd period - John Tavares is hit by Brad Marchand.
17:38 of 2nd period - Ian White is hit by Sami Vatanen.
18:27 of 2nd period - Penalty to Alexander Semin is over, Alexander Semin is back on ice.
18:30 of 2nd period - Alexander Semin is hit by Cory Emmerton and loses puck.
18:51 of 2nd period - Jussi Jokinen is hit by Tim Ramholt and loses puck.
19:10 of 2nd period - Penalty to Guillaume Latendresse is over, Guillaume Latendresse is back on ice.
19:18 of 2nd period - Derek Meech is hit by Ted Purcell and loses puck.
19:48 of 2nd period - Slapshot by John Tavares.
19:48 of 2nd period - Shot Blocked by Alexander Radulov.
Goals for this period are 1 for Flames vs 2 for Stars.
Shots for this period are 8 for Flames vs 9 for Stars.
3rd period
0:01 of 3rd period - John Tavares wins face-off versus Eric Staal in neutral zone.
0:30 of 3rd period - Slapshot by Brian Lee.
0:30 of 3rd period - Shot Blocked by Brad Marchand.
0:59 of 3rd period - Slapshot by David Backes.
0:59 of 3rd period - Stopped by Cory Schneider with a rebound.
1:57 of 3rd period - Minor Penalty to Jussi Jokinen for Tripping.
1:58 of 3rd period - John Tavares wins face-off versus Eric Staal in Stars zone.
2:15 of 3rd period - Snap shot by Alexander Semin.
2:15 of 3rd period - Shot Blocked by Brian Lee.
3:05 of 3rd period - Icing by Sami Vatanen.
3:06 of 3rd period - John Tavares wins face-off versus Eric Staal in Flames zone.
3:57 of 3rd period - Penalty to Jussi Jokinen is over, Jussi Jokinen is back on ice.
5:15 of 3rd period - Alexander Radulov is hit by Andrej Sustr.
5:41 of 3rd period - Steve Eminger is hit by Evgeny Grachev and loses puck.
6:21 of 3rd period - Jussi Jokinen is hit by Colin Wilson and loses puck.
6:36 of 3rd period - Snap shot by Ted Purcell.
6:36 of 3rd period - Stopped by Jonas Gustavsson with a rebound.
6:38 of 3rd period - Snap shot by Evgeny Grachev.
6:38 of 3rd period - Shot Misses the Net.
7:10 of 3rd period - Wrist shot by Guillaume Latendresse.
7:10 of 3rd period - Stopped by Jonas Gustavsson with a rebound.
8:23 of 3rd period - Boris Valabik is hit by Colin Wilson and loses puck.
8:38 of 3rd period - Wrist shot by Alexander Frolov.
8:38 of 3rd period - Stopped by Jonas Gustavsson without a rebound.
8:39 of 3rd period - Patrik Berglund wins face-off versus Antoine Vermette in Flames zone.
9:08 of 3rd period - Wrist shot by Alexander Semin.
9:08 of 3rd period - Stopped by Cory Schneider with a rebound.
9:10 of 3rd period - Slapshot by Erik Johnson.
9:10 of 3rd period - Shot Blocked by Brian Lee.
9:12 of 3rd period - Wrist shot by Alexander Semin.
9:12 of 3rd period - Shot Misses the Net.
9:18 of 3rd period - Wrist shot by Eric Staal.
9:18 of 3rd period - Shot Misses the Net.
9:20 of 3rd period - Slapshot by Eric Staal.
9:20 of 3rd period - Stopped by Cory Schneider without a rebound.
9:21 of 3rd period - Antoine Vermette wins face-off versus Colin Wilson in Stars zone.
9:38 of 3rd period - Snap shot by Jussi Jokinen.
9:38 of 3rd period - Stopped by Jonas Gustavsson without a rebound.
9:39 of 3rd period - John Tavares wins face-off versus Eric Staal in Flames zone.
9:44 of 3rd period - Snap shot by John Tavares.
9:44 of 3rd period - Shot Misses the Net.
9:53 of 3rd period - Icing by Eric Staal.
9:54 of 3rd period - Eric Staal wins face-off versus John Tavares in Flames zone.
10:05 of 3rd period - Snap shot by Alexander Semin.
10:05 of 3rd period - Shot Misses the Net.
10:11 of 3rd period - Slapshot by Eric Staal.
10:11 of 3rd period - Goal by Eric Staal - Flames : 2 - Stars : 2.
10:12 of 3rd period - Eric Staal wins face-off versus John Tavares in neutral zone.
10:15 of 3rd period - Slapshot by Sami Vatanen.
10:15 of 3rd period - Stopped by Cory Schneider without a rebound.
10:16 of 3rd period - John Tavares wins face-off versus Alexander Radulov in Stars zone.
10:18 of 3rd period - Minor Penalty to Michael Grabner for Cross-checking.
10:19 of 3rd period - John Tavares wins face-off versus Eric Staal in Stars zone.
10:33 of 3rd period - Wrist shot by Eric Staal.
10:33 of 3rd period - Stopped by Cory Schneider with a rebound.
12:18 of 3rd period - Penalty to Michael Grabner is over, Michael Grabner is back on ice.
12:34 of 3rd period - Off-side.
12:35 of 3rd period - Cory Emmerton wins face-off versus Colin Wilson in neutral zone.
12:35 of 3rd period - Cory Emmerton is hit by Colin Wilson.
13:23 of 3rd period - Snap shot by Eric Staal.
13:23 of 3rd period - Shot Misses the Net.
13:29 of 3rd period - Erik Johnson is hit by Guillaume Latendresse and loses puck.
13:40 of 3rd period - Alexander Radulov is hit by Cory Emmerton and loses puck.
13:48 of 3rd period - Slapshot by Tim Ramholt.
13:48 of 3rd period - Deflect By Ian White.
13:48 of 3rd period - Stopped by Cory Schneider without a rebound.
13:49 of 3rd period - Patrik Berglund wins face-off versus Antoine Vermette in Stars zone.
13:50 of 3rd period - Slapshot by David Backes.
13:50 of 3rd period - Shot Misses the Net.
13:52 of 3rd period - Snap shot by Brad Marchand.
13:52 of 3rd period - Stopped by Cory Schneider with a rebound.
13:54 of 3rd period - Snap shot by Tim Ramholt.
13:54 of 3rd period - Goal by Tim Ramholt - Flames : 3 - Stars : 2.
13:55 of 3rd period - Eric Staal wins face-off versus John Tavares in neutral zone.
13:58 of 3rd period - Ian White is hit by Alexander Radulov and loses puck.
14:09 of 3rd period - Wrist shot by Eric Staal.
14:09 of 3rd period - Stopped by Cory Schneider with a rebound.
14:11 of 3rd period - Snap shot by Alexander Radulov.
14:11 of 3rd period - Shot Misses the Net.
15:06 of 3rd period - Wrist shot by Eric Staal.
15:06 of 3rd period - Shot Misses the Net.
15:48 of 3rd period - Slapshot by Steve Regier.
15:48 of 3rd period - Deflect By Peter Prucha.
15:48 of 3rd period - Stopped by Cory Schneider without a rebound.
15:49 of 3rd period - Patrik Berglund wins face-off versus Alexander Frolov in Stars zone.
16:02 of 3rd period - Snap shot by B.J. Crombeen.
16:02 of 3rd period - Stopped by Jonas Gustavsson with a rebound.
16:04 of 3rd period - Wrist shot by Alexander Frolov.
16:04 of 3rd period - Stopped by Jonas Gustavsson with a rebound.
16:14 of 3rd period - Michael Grabner is hit by Colin Wilson and loses puck.
16:25 of 3rd period - Wrist shot by Michael Grabner.
16:25 of 3rd period - Shot Blocked by Sami Vatanen.
16:37 of 3rd period - Alexander Radulov is hit by Jussi Jokinen and loses puck.
17:31 of 3rd period - Guillaume Latendresse is hit by Kyle Palmieri and loses puck.
17:50 of 3rd period - Ian White is hit by Brad Marchand and loses puck.
18:01 of 3rd period - Wrist shot by Guillaume Latendresse.
18:01 of 3rd period - Shot Misses the Net.
18:15 of 3rd period - Snap shot by John Tavares.
18:15 of 3rd period - Deflect By Guillaume Latendresse.
18:15 of 3rd period - Shot Blocked by Peter Prucha.
18:15 of 3rd period - Puck is out of play.
18:16 of 3rd period - Eric Staal wins face-off versus Alexander Frolov in Flames zone.
18:21 of 3rd period - Eric Staal is hit by Johnny Oduya and loses puck.
18:47 of 3rd period - David Backes is hit by Jussi Jokinen and loses puck.
18:52 of 3rd period - Stars, Cory Schneider is pulled from the net.
18:54 of 3rd period - Snap shot by Jussi Jokinen.
18:54 of 3rd period - Stopped by Jonas Gustavsson with a rebound.
18:56 of 3rd period - Snap shot by Jussi Jokinen.
18:56 of 3rd period - Shot Misses the Net.
19:10 of 3rd period - Slapshot by Steve Eminger.
19:10 of 3rd period - Deflect By Cory Emmerton.
19:10 of 3rd period - Goal by Steve Eminger - Flames : 4 - Stars : 2.
19:10 of 3rd period - Cory Schneider from Stars was sent back in the game.
19:11 of 3rd period - Colin Wilson wins face-off versus B.J. Crombeen in neutral zone.
19:38 of 3rd period - Icing by Antoine Vermette.
19:39 of 3rd period - Patrik Berglund wins face-off versus Antoine Vermette in Stars zone.
19:48 of 3rd period - Brad Marchand is hit by Lasse Kukkonen and loses puck.
19:55 of 3rd period - Snap shot by Alex Chiasson.
19:55 of 3rd period - Stopped by Jonas Gustavsson with a rebound.
19:57 of 3rd period - Slapshot by Jussi Jokinen.
19:57 of 3rd period - Shot Misses the Net.
19:59 of 3rd period - Wrist shot by Alex Chiasson.
19:59 of 3rd period - Shot Misses the Net.
Goals for this period are 3 for Flames vs 0 for Stars.
Shots for this period are 12 for Flames vs 8 for Stars.
Back to the Top